Map: Lost and Found LE

Players

lIIllllIIlll (INnoVation) - Winner!

  • Race: Terran Terran
  • League: Master
  • Spawn Location: 1:00

Cure

  • Race: Terran Terran
  • Spawn Location: 7:00

Event: HomeStory Cup XVIII

VOD

Have the link to the VOD?

Description

Time

  • Played on: Nov. 25, 2018, 10:02 a.m.
  • Length: 20:10

All games in this series

Show
View Real Time Build Order
Export as new Build Order

lIIllllIIlll Terran - Winner!

Build Orders:  

Get SALT Encoding   

  12  0:00  SCV  
  13  0:13  Supply Depot  
  13  0:18  SCV  
  14  0:37  Barracks  
  14  0:41  Refinery  
  14  0:56  Barracks  
  14  0:59  SCV  
  15  1:11  SCV  
  16  1:24  Reaper  
  16  1:25  Orbital Command  
  17  1:32  Refinery  
  17  1:42  Reaper  
  18  1:50  SCV  
  19  1:56  Supply Depot  
  19  1:59  Reaper  
  20  2:02  SCV  
  21  2:14  Reaper, SCV  
  23  2:28  SCV  
  24  2:31  Reaper  
  25  2:39  Factory  
  25  2:40  SCV  
  25  2:42  Supply Depot  
  26  2:47  Reaper  
  27  2:52  SCV  
  27  3:03  Reaper  
  27  3:04  SCV  
  29  3:16  SCV  
  29  3:19  Reaper  
  31  3:22  Factory Tech Lab  
  30  3:28  SCV  
  29  3:34  Command Center  
  29  3:36  Reaper  
  29  3:40  Cyclone  
  33  3:43  SCV  
  34  3:50  Supply Depot  
  34  3:57  Starport  
  34  4:00  SCV  
  35  4:12  SCV  
  35  4:13  Cyclone  
  39  4:19  Refinery  
  39  4:24  SCV  
  40  4:36  SCV  
  40  4:37  Starport Tech Lab  
  41  4:46  Orbital Command  
  41  4:48  SCV  
  42  4:55  Raven  
  44  5:00  SCV  
  44  5:05  Command Center  
  45  5:12  SCV x2  
  45  5:13  Siege Tank  
  50  5:15  Refinery  
  49  5:24  SCV x2  
  51  5:30  Engineering Bay  
  51  5:31  Engineering Bay  
  50  5:36  SCV x2  
  50  5:38  Raven  
  54  5:48  SCV x2  
  55  6:00  Terran Infantry Weapons Level 1, Terran Infantry Armor Level 1, SCV x2  
  57  6:09  Barracks  
  57  6:10  Barracks  
  57  6:12  SCV  
  57  6:13  SCV  
  57  6:16  Orbital Command  
  57  6:24  SCV  
  57  6:25  SCV  
  59  6:27  Starport Reactor  
  59  6:29  Stimpack, Siege Tank  
  59  6:30  Barracks x2  
  62  6:32  Marine  
  62  6:36  Orbital Command, SCV  
  62  6:37  SCV  
  59  6:41  Supply Depot  
  59  6:48  SCV  
  59  6:49  SCV  
  59  6:54  Marine  
  61  6:57  Barracks Reactor x2  
  61  7:00  SCV  
  61  7:01  Siege Tank, SCV  
  67  7:04  Supply Depot  
  68  7:09  Viking  
  68  7:10  Viking  
  71  7:16  SCV x2  
  71  7:18  Barracks Reactor  
  71  7:19  Barracks Reactor  
  71  7:22  Marine  
  74  7:24  Orbital Command  
  74  7:27  Armory, Supply Depot  
  74  7:28  SCV x2  
  76  7:34  Siege Tank  
  79  7:37  Marine x2  
  79  7:38  Marine x2  
  79  7:40  Marine, SCV x2  
  79  7:41  Supply Depot  
  86  7:50  SCV  
  87  7:52  SCV  
  87  7:53  SCV  
  87  7:55  Refinery  
  87  7:56  Refinery  
  87  7:57  Marine x2  
  87  7:58  Marine x5  
  96  7:59  Sensor Tower  
  96  8:05  Supply Depot  
  95  8:06  Supply Depot  
  95  8:08  SCV x3  
  95  8:11  Marine x2  
  98  8:15  Marine x2, Siege Tank  
  98  8:16  Marine  
  98  8:19  Terran Infantry Weapons Level 2  
  104  8:23  Terran Infantry Armor Level 2  
  104  8:25  Marine  
  104  8:26  Marine x3  
  108  8:29  Marine  
  108  8:30  Supply Depot  
  108  8:32  SCV  
  108  8:33  SCV x2  
  112  8:37  Marine, Medivac x2  
  112  8:38  Marine, Combat Shield  
  118  8:44  Marine  
  118  8:45  Marine x5  
  124  8:55  Marine x2, Siege Tank  
  126  8:56  Marine  
  126  8:58  SCV x2  
  126  9:02  Marine  
  118  9:03  Marine x5  
  118  9:08  Medivac x2  
  120  9:11  SCV x3  
  120  9:13  Marine  
  120  9:14  Marine x2  
  122  9:20  Marine  
  122  9:23  SCV  
  122  9:24  Terran Vehicle Weapons Level 1, SCV  
  125  9:28  Supply Depot  
  125  9:29  Supply Depot  
  125  9:32  Supply Depot, SCV  
  125  9:34  Siege Tank  
  129  9:39  Medivac x2  
  133  9:49  Marine  
  133  9:50  SCV x2  
  133  9:51  Supply Depot  
  133  9:52  Supply Depot  
  136  9:56  Sensor Tower  
  136  9:59  SCV  
  136  10:00  Marine  
  136  10:01  Marine x5  
  136  10:02  SCV x2  
  141  10:09  Siege Tank  
  141  10:10  Barracks Reactor  
  141  10:12  SCV  
  145  10:14  SCV x2  
  145  10:15  Marine  
  145  10:18  Factory  
  145  10:20  Marine  
  148  10:23  Marine x4  
  148  10:24  Marine x2  
  148  10:27  SCV x3  
  155  10:33  Marine  
  152  10:37  Terran Infantry Weapons Level 3  
  152  10:40  Marine, Terran Infantry Armor Level 3  
  152  10:41  Marine  
  153  10:43  Marine  
  144  10:59  Viking x2  
  144  11:01  Marine  
  144  11:02  Marine x8  
  157  11:10  Siege Tank x2  
  163  11:24  Marine x8  
  146  11:37  Marine x2  
  144  11:41  Marine  
  144  11:42  Marine x5, Siege Tank  
  144  11:43  Siege Tank, Medivac x2  
  160  11:52  Command Center  
  160  11:56  Marine x3  
  160  11:57  Marine  
  164  12:08  Supply Depot  
  164  12:15  Siege Tank  
  165  12:21  Marine x10  
  150  12:26  Medivac  
  150  12:28  Siege Tank  
  142  12:38  Marine, SCV x3  
  142  12:39  Marine x6  
  152  12:48  Siege Tank  
  155  12:52  Viking  
  155  12:53  Marine x3  
  155  12:56  Marine, Viking  
  163  13:03  Orbital Command  
  163  13:07  Siege Tank  
  163  13:08  Terran Vehicle Weapons Level 2  
  164  13:16  Marine x7  
  169  13:31  Viking x2, Command Center  
  170  13:40  Siege Tank x2  
  165  13:41  Marine  
  165  13:42  Marine  
  165  13:43  Marine x3  
  165  13:44  Marine x2  
  169  13:53  Marine x3  
  172  13:59  Marine  
  172  14:00  Marine x4  
  172  14:02  Marine, Viking  
  176  14:03  Viking  
  180  14:10  Marine  
  178  14:20  Marine  
  178  14:21  Marine x7  
  178  14:22  Siege Tank x2  
  187  14:30  Starport, Fusion Core  
  187  14:31  Starport  
  186  14:32  Viking x2  
  186  14:37  Marine x2  
  192  14:38  Marine x4  
  192  14:44  Planetary Fortress  
  196  14:45  SCV  
  196  14:46  SCV  
  157  14:55  Marine x6  
  157  14:56  Siege Tank  
  166  15:00  Siege Tank  
  166  15:03  Marine x4  
  147  15:11  Starport Reactor, Starport Tech Lab  
  147  15:13  Marine x3, Medivac x2  
  151  15:17  Marine x3  
  151  15:20  Marine  
  155  15:22  Refinery x2  
  155  15:23  SCV x2  
  155  15:24  SCV x2  
  159  15:33  Viking  
  151  15:42  Marine, Siege Tank x2  
  138  15:43  Viking  
  138  15:47  Marine x9  
  138  15:48  Advanced Ballistics  
  142  15:55  Viking  
  143  15:57  Viking  
  143  16:00  Viking  
  143  16:01  Sensor Tower  
  143  16:02  Marine  
  148  16:05  Marine x3  
  148  16:07  Terran Vehicle Weapons Level 3  
  148  16:08  Marine x2  
  153  16:14  Medivac x2  
  157  16:19  Siege Tank  
  157  16:23  Siege Tank  
  157  16:25  Viking  
  165  16:27  Viking  
  165  16:30  Viking  
  169  16:33  Armory  
  169  16:35  Refinery x2  
  169  16:37  Marine x8  
  169  16:39  Marine x2  
  178  16:44  Viking  
  178  16:46  Liberator  
  180  16:48  Missile Turret  
  180  16:51  Siege Tank, SCV  
  180  16:52  SCV x2  
  180  16:53  SCV  
  187  16:54  Marine  
  187  16:55  Marine x4  
  187  16:57  Siege Tank  
  187  16:58  Liberator  
  187  17:00  Liberator  
  200  17:24  Command Center  
  200  17:27  Liberator x2  
  200  17:28  Liberator  
  190  17:37  Marine x4, Siege Tank x2  
  190  17:38  Marine x6  
  190  17:41  Liberator  
  178  17:55  Marine x9  
  178  17:56  Marine  
  169  18:13  Marine x8  
  169  18:14  Siege Tank x2  
  169  18:17  Marine x2  
  176  18:31  Marine x2  
  135  18:50  Planetary Fortress  
  135  18:53  Marine  
  135  18:54  Marine x6  
  141  18:58  Marine  
  141  18:59  Marine x2  
  142  19:03  SCV  
  143  19:11  Marine  
  143  19:12  Marine x2  
  143  19:16  Medivac  
  143  19:28  Siege Tank  
  143  19:30  Medivac  
  146  19:32  Marine  
  147  19:43  Marine  
  147  19:44  Marine x3  
  147  19:45  Marine x2  
Show
View Real Time Build Order
Export as new Build Order

Cure Terran 

Build Orders:  

Get SALT Encoding   

  12  0:00  SCV  
  13  0:12  SCV  
  14  0:17  Supply Depot  
  14  0:24  SCV  
  14  0:27  Refinery  
  15  0:38  SCV  
  16  0:43  Barracks  
  16  0:50  SCV  
  16  0:53  Refinery  
  17  1:02  SCV  
  18  1:15  SCV  
  19  1:30  Reaper, Orbital Command  
  20  1:34  Factory  
  20  1:45  Supply Depot  
  20  1:56  SCV  
  21  2:02  Reaper  
  21  2:08  SCV  
  23  2:18  Hellion  
  23  2:20  SCV  
  25  2:32  SCV  
  25  2:36  Marine  
  27  2:39  Command Center  
  27  2:40  Hellion  
  29  2:45  Supply Depot  
  29  2:48  SCV  
  30  2:57  Marine  
  29  3:01  Hellion  
  31  3:07  SCV  
  32  3:15  Marine  
  33  3:21  SCV  
  33  3:23  Hellion  
  36  3:33  SCV  
  33  3:37  Barracks Tech Lab  
  33  3:45  Command Center  
  33  3:46  SCV  
  33  3:48  Hellion  
  36  3:55  Orbital Command  
  36  3:58  SCV  
  37  4:07  Barracks Reactor  
  37  4:12  Orbital Command  
  37  4:13  SCV  
  37  4:15  Cyclone  
  41  4:21  Barracks  
  41  4:25  SCV  
  41  4:30  Barracks  
  42  4:37  SCV  
  42  4:38  SCV  
  44  4:43  Marine  
  45  4:45  Marine  
  45  4:47  Cyclone  
  45  4:50  SCV x2  
  51  4:57  Supply Depot, Orbital Command  
  51  5:02  Marine, SCV  
  51  5:03  Marine, SCV  
  55  5:08  Barracks Tech Lab  
  55  5:14  SCV  
  55  5:15  SCV  
  55  5:17  Marine  
  55  5:20  Marine  
  57  5:21  Siege Tank  
  57  5:27  SCV x2  
  56  5:30  Marine x2  
  56  5:32  Stimpack  
  55  5:40  Barracks Reactor  
  55  5:43  Marine  
  55  5:47  Marine  
  55  5:48  Marine  
  55  5:50  SCV x3  
  58  6:02  SCV x3  
  61  6:11  Marine  
  61  6:12  Starport, Marine x2  
  61  6:15  Factory Reactor  
  61  6:16  SCV  
  61  6:17  SCV x2  
  61  6:18  Marine x2  
  64  6:21  Engineering Bay  
  64  6:25  Engineering Bay  
  66  6:28  Orbital Command  
  66  6:31  Refinery  
  66  6:32  Refinery, SCV x2  
  68  6:37  Supply Depot  
  68  6:39  Supply Depot, Marine x5  
  69  6:44  SCV x2  
  73  6:51  Terran Infantry Weapons Level 1, Terran Infantry Armor Level 1  
  73  6:57  Marine x2, Medivac  
  73  6:59  Marine x3, Medivac  
  82  7:03  Supply Depot x2, Siege Tank  
  82  7:06  SCV x2  
  82  7:07  SCV  
  88  7:16  Marine x5  
  88  7:18  SCV  
  93  7:23  Barracks  
  93  7:24  Barracks  
  93  7:27  SCV x2  
  95  7:30  SCV  
  95  7:32  Combat Shield  
  95  7:34  Marine x4  
  95  7:35  Marine  
  101  7:42  Medivac x2  
  101  7:43  SCV x2  
  101  7:44  SCV  
  108  7:47  Supply Depot  
  108  7:49  Supply Depot  
  108  7:54  Armory  
  108  7:56  Refinery  
  108  7:57  Refinery  
  108  7:59  SCV  
  109  8:09  Marine x5, SCV x2  
  109  8:10  Siege Tank  
  119  8:15  Barracks Reactor  
  119  8:16  Barracks Reactor  
  119  8:21  Medivac x2  
  119  8:23  Sensor Tower  
  119  8:26  Supply Depot x2  
  123  8:27  Supply Depot  
  123  8:32  SCV x2  
  125  8:47  Marine x5, SCV  
  131  8:50  Marine x2  
  131  8:53  Marine x2  
  131  8:55  Siege Tank  
  135  8:57  Medivac x2  
  121  9:05  Marine x5  
  121  9:08  Marine x2  
  120  9:11  Marine x2  
  120  9:12  Terran Infantry Weapons Level 2  
  120  9:14  Terran Infantry Armor Level 2  
  113  9:17  Terran Vehicle Weapons Level 1  
  113  9:23  Marine x4  
  117  9:27  Siege Tank  
  117  9:28  Marine x2  
  117  9:29  Marine x2  
  124  9:32  Barracks Reactor  
  82  9:38  Viking x2  
  124  9:41  Marine x2  
  124  9:43  SCV  
  124  9:44  SCV  
  132  9:45  SCV  
  132  9:49  Command Center  
  132  9:50  Marine x4  
  137  9:55  Factory  
  137  10:03  Marine  
  137  10:04  Marine x3  
  137  10:05  Siege Tank  
  142  10:08  Marine x4  
  142  10:10  Viking  
  148  10:16  Supply Depot  
  148  10:20  Supply Depot  
  148  10:21  Supply Depot, Viking  
  146  10:32  Marine x6  
  148  10:37  Marine x4  
  148  10:38  Siege Tank  
  155  10:43  Viking  
  155  10:46  Siege Tank  
  159  10:51  Viking  
  159  10:56  Marine x8  
  136  11:04  Marine x2  
  136  11:10  Siege Tank  
  141  11:14  Marine x8  
  141  11:16  Supply Depot  
  146  11:19  Siege Tank  
  124  11:29  Marine x2  
  124  11:31  Marine x2  
  124  11:32  Marine x4  
  120  11:35  Viking x2  
  120  11:38  Marine x2  
  118  11:41  Terran Infantry Weapons Level 3  
  115  11:47  Marine x2, Terran Infantry Armor Level 3  
  115  11:49  Marine x2  
  115  11:51  Planetary Fortress  
  115  11:53  Marine x2  
  121  11:58  Siege Tank  
  124  12:03  Terran Vehicle Weapons Level 2  
  124  12:09  Viking  
  124  12:21  Marine x6  
  115  12:24  Marine x4  
  115  12:29  Viking  
  100  12:32  Siege Tank  
  100  12:34  Siege Tank  
  106  12:38  Marine  
  106  12:40  SCV x3  
  106  12:42  SCV  
  111  12:45  Viking  
  113  12:53  Marine x7  
  120  13:01  Marine x3  
  123  13:07  Siege Tank, Sensor Tower  
  123  13:11  Marine x3  
  129  13:16  Viking  
  131  13:21  Marine x4  
  131  13:22  Siege Tank  
  131  13:23  Marine x3  
  124  13:42  Marine x2  
  124  13:43  Marine x3  
  124  13:44  Siege Tank  
  124  13:45  Liberator  
  124  13:46  Marine x4  
  133  13:52  Marine  
  133  13:54  Siege Tank  
  137  14:00  Marine x3  
  143  14:08  Marine x6  
  149  14:10  Marine  
  147  14:18  Marine x3  
  150  14:25  Marine x2  
  150  14:26  Siege Tank  
  155  14:33  Marine x3, Siege Tank  
  155  14:34  Marine  
  162  14:41  Refinery x2, Medivac  
  164  14:48  Marine x2  
  164  14:49  Marine x3  
  151  15:02  Marine x5  
  151  15:06  Marine, Viking  
  147  15:10  Marine x2  
  147  15:11  Marine x2, Medivac, Siege Tank  
  156  15:16  Siege Tank  
  156  15:19  Marine x2  
  161  15:22  Marine x3  
  161  15:24  Marine  
  165  15:28  Orbital Command  
  136  15:36  Marine x4  
  136  15:37  Marine x2  
  119  15:48  Marine x4  
  119  15:49  Siege Tank  
  117  15:51  Siege Tank  
  117  15:54  Marine x2  
  117  15:55  Medivac x2  
  126  16:00  Marine x4  
  130  16:06  Terran Vehicle Weapons Level 3  
  130  16:09  Marine x2  
  132  16:15  Marine x3  
  132  16:16  Marine  
  132  16:17  Sensor Tower  
  136  16:18  Marine  
  136  16:20  Marine x3  
  136  16:25  Siege Tank  
  143  16:27  Marine  
  143  16:30  Refinery x2  
  143  16:31  Marine  
  145  16:33  Marine x3  
  145  16:34  Marine  
  145  16:35  Siege Tank  
  145  16:36  Marine  
  152  16:42  Marine x3  
  152  16:44  Marine  
  156  16:47  Viking x2  
  156  16:49  Marine  
  156  16:51  Marine x3  
  164  16:55  Command Center  
  164  17:02  Marine x6  
  169  17:14  Siege Tank x2  
  175  17:17  Viking x2  
  175  17:18  Marine x4  
  175  17:20  Marine x2  
  183  17:41  Marine x10  
  157  17:46  Siege Tank x2  
  157  17:47  Viking x2  
  140  17:59  Marine x9  
  140  18:04  Marine  
  144  18:11  Orbital Command  
  141  18:16  Marine x2  
  141  18:17  Marine x7  
  150  18:25  Marine  
  122  18:34  Marine x5  
  122  18:38  Marine x4  
  121  18:43  Marine  
  121  18:47  Medivac x2  
  117  18:51  Siege Tank  
  117  18:52  Marine x5  
  125  18:56  Marine x2  
  125  19:01  Marine x3  
  130  19:15  Marine x6  
  125  19:17  Medivac x2  
  125  19:20  Marine x4  
  125  19:22  Siege Tank  
  129  19:32  Orbital Command  
  129  19:36  Marine x6  
  129  19:38  Marine x2  
  111  19:46  Marine x2  
Tags
 
Add a new tag
Caveats
  • Supply blocks, unpowered buildings, or Contaminate may cause inaccurate times.
  • Supply counts are checked every 10 seconds.